 Dungeon Crawl Stone Soup version 0.30.1-11-g7821555f0a (webtiles) character file.

Game seed: 11620993311888513773

18 anacleto the Conjurer (level 2, 0/15 HPs)
             Began as a Deep Elf Conjurer on Dec 12, 2023.
             Succumbed to an adder's poison
             ... on level 1 of the Dungeon.
             The game lasted 00:02:14 (1211 turns).

anacleto the Conjurer (Deep Elf Conjurer)           Turns: 1211, Time: 00:02:14

Health: 0/15       AC:  2    Str:  4    XL:     2   Next: 51%
Magic:  6/8        EV: 12    Int: 22    God:
Gold:   51         SH:  0    Dex: 13    Spells: 6/7 levels left

rFire   . . .        (no weapon)
rCold   . . .        (no shield)
rNeg    . . .        a - +0 robe
rPois   .            (no helmet)
rElec   .            (no cloak)
rCorr   .            (no gloves)
SInv    .            (no boots)
Will    .....        (no amulet)
Stlth   ++           (no ring)
HPRegen 0.22/turn    (no ring)
MPRegen 0.11/turn

%: no passive effects
@: lethally poisoned (0 -> -2)
A: no striking features
a: no special abilities


You were on level 1 of the Dungeon.
You visited 1 branch of the dungeon, and saw 2 of its levels.

You collected 51 gold pieces.

Inventory:

Missiles
 c - 4 poisoned darts (quivered)
Armour
 a - a +0 robe (worn)
Jewellery
 g - a ring of ice
Potions
 b - a potion of magic
 d - a potion of might {unknown}
 e - a potion of curing {unknown}
 f - a potion of degeneration {unknown}


   Skills:
 + Level 2.8 Dodging
 + Level 2.9 Stealth
 + Level 3.3 Spellcasting
 + Level 4.6 Conjurations


You had 6 spell levels left.
You knew the following spells:

 Your Spells              Type           Power      Damage    Failure   Level
a - Magic Dart            Conj           96%        1d7       1%          1

Your spell library contained the following spells:

 Spells                   Type           Power      Damage    Failure   Level
 Searing Ray              Conj           48%        2d6       2%          2
 Dazzling Flash           Conj/Hex       26%        N/A       14%         3
 Fulminant Prism          Conj/Hex       6%         3d7       43%         4
 Iskenderun's Mystic Bla  Conj/Tloc      13%        2d5       43%         4


Dungeon Overview and Level Annotations

Branches:
Dungeon (2/15)

Altars:


Message History

Press: ? - help, Q - select action, (/) - cycle Shift-Dir - straight line, f - adder
Aim: an adder (35% to hit)
You throw a poisoned dart. The poisoned dart misses the adder.
The adder misses you. The adder attacks as you move away! The adder bites you.
The adder misses you. The adder attacks as you move away!
The adder barely misses you. The adder bites you.
You are poisoned.
The adder poisons you!
There is a stone staircase leading up here.
You feel sick. The adder misses you.
You climb upwards.
You feel sick.
There is a stone staircase leading down here.
You aren't carrying any scrolls.
Throw: 5 darts (poison)
Press: ? - help, Q - select action, (/) - cycle Shift-Dir - straight line, f - adder
Aim: an adder (35% to hit)
You throw a poisoned dart.
The poisoned dart closely misses the adder.
You feel sick. The adder bites you.
* * * LOW HITPOINT WARNING * * *
Casting: Magic Dart (safe; 1% risk of failure)
Confirm with . or Enter, or press ? or * to list all spells.
Aiming: Magic Dart (safe; 1% risk of failure)
Press: ? - help, Shift-Dir - straight line, f/p - adder
Aim: an adder (100% to hit)
The magic dart hits the adder!
The adder is severely wounded.
* * * LOW HITPOINT WARNING * * *
You feel sick. The adder bites you.
* * * LOW HITPOINT WARNING * * *
Casting: Magic Dart (safe; 1% risk of failure)
Confirm with . or Enter, or press ? or * to list all spells.
Aiming: Magic Dart (safe; 1% risk of failure)
Press: ? - help, Shift-Dir - straight line, f/p - adder
Aim: an adder (severely wounded, 100% to hit)
The magic dart hits the adder.
The adder is almost dead.
You die...

...##......##..##.#...#..#.......
#)....#.#......##.#.###..#..#.###
.#)..##.#.####)##...###..#..#...#
##...##.#.#....#..#......######.#
#.....#.#.#.####....####........#
..###.#.#.#.# #.#########.######
....#.#.#.#.# #.##[.............
.##.#.#.#.#.# #.#.#............#
.##.#.#.#.#.# #@#..#...^#.....#.
.##.#.....#.# #S#...#....#...#..
....#.#.#.#.####.#....#..#.#.#...
.####.#.#......#.#.....##...#....
....#.#†#.#..#.#.#.....#.#.#.#...
.#.##...#.##.#.#.#....#...#...#..
##.####.#....#.#.#.#.#...#.#...#.
#.# ########.#(...#...#.<.#...#
##.# #........#.#.#.#.#[....#...


You could see an adder.

Vanquished Creatures
  A bat (D:1)
  3 endoplasms (D:1)
  3 goblins (D:1)
  A hobgoblin (D:1)
  A quokka (D:1)
  A ball python (D:1)
  A frilled lizard (D:1)
  4 kobolds (D:1)
  A rat (D:1)
16 creatures vanquished.

Notes
Turn   | Place    | Note
-------+----------+-------------------------------------------
     0 | D:1      | anacleto the Deep Elf Conjurer began the quest for the Orb.
     0 | D:1      | Reached XP level 1. HP: 10/10 MP: 6/6
   290 | D:1      | Reached XP level 2. HP: 15/15 MP: 6/8
  1211 | D:1      | Succumbed to an adder's poison

Illustrated notes

Levels and vault maps discovered:
D:1:      matt_arrival_diagonals, layout_basic, grunt_decor_arrowhead,
          minmay_statues_item, minmay_bisected
D:2:      layout_basic, basic_altar, kennysheep_generic_room_13

Action                     || total
---------------------------++-------
  Throw: Dart              ||     4
   Cast: Magic Dart        ||    32
  Dodge: Dodged            ||     6
